 Dungeon Crawl Stone Soup version 0.32-a0-868-g153ae1a8d6 (webtiles) character file.

Game seed: 3125208718825835369

50898 Mawloc the Thaumaturge (level 14, -5/108 HPs)
             Began as a Vampire Summoner on Mar 28, 2024.
             Was the Champion of Kikubaaqudgha.
             Slain by a sixfirhy (9 damage)
             ... summoned by an orc sorcerer
             ... on level 2 of the Orcish Mines.
             The game lasted 00:41:12 (18730 turns).

Mawloc the Thaumaturge (Vampire Summoner)          Turns: 18730, Time: 00:41:13

Health: -5/108     AC: 13    Str:  9    XL:     14   Next: 21%
Magic:  23/30      EV: 10    Int: 20    God:    Kikubaaqudgha [******]
Gold:   1442       SH:  4    Dex: 15    Spells: 3/38 levels left

rFire   . . .        v - +7 sceptre of Torment {pain, torment}
rCold   . . .        x - +0 buckler
rNeg    . . .        M - +0 steam dragon scales
rPois   +            (no helmet)
rElec   .            w - +2 cloak
rCorr   .            a - +2 pair of gloves
SInv    +            f - +0 pair of boots
Will    +....        c - amulet of magic regeneration
Stlth   ++++         Z - ring of wizardry
HPRegen 0.58/turn    P - ring of poison resistance
MPRegen 0.62/turn

%: wizardry (x1)
@: death channelling, animating dead, healing quickly
A: alive, fangs 3, see invisible, vampiric 2
a: Exsanguinate, Renounce Religion, Unearth Wretches, Torment


You were on level 2 of the Orcish Mines.
You worshipped Kikubaaqudgha.
Kikubaaqudgha was exalted by your worship.
You visited 4 branches of the dungeon, and saw 19 of its levels.

You collected 1442 gold pieces.

Inventory:

Hand Weapons
 v - the +7 sceptre of Torment (weapon) {pain, torment}
   (You found it on level 5 of the Lair of Beasts)
Missiles
 y - 2 throwing nets {=f!f}
 C - 5 curare-tipped darts {=f}
Armour
 a - a +2 pair of gloves (worn)
 f - a +0 pair of boots (worn)
 r - the +8 scale mail of Deraema {Will+ Regen+ Int+4 Dex-4}
   (You took it off a goblin on level 2 of the Dungeon)

   Int+4:     It affects your intelligence (+4).
   Dex-4:     It affects your dexterity (-4).
   Will+:     It increases your willpower.
   Regen+:    It increases your rate of health regeneration.
 w - a +2 cloak (worn)
 x - a +0 buckler (worn)
 M - +0 steam dragon scales (worn)
 U - the +0 robe of the Wereyak {Will+ Int+2}
   (You found it on level 3 of the Lair of Beasts)

   Int+2:     It affects your intelligence (+2).
   Will+:     It increases your willpower.
Jewellery
 c - an amulet of magic regeneration (around neck)
 F - a ring of protection from fire
 L - a ring of flight
 P - a ring of poison resistance (right hand)
 S - an amulet of reflection
 Z - a ring of wizardry (left hand)
Wands
 g - a wand of flame (13)
 u - a wand of digging (12)
 I - a wand of light (4)
 O - a wand of polymorph (13)
 R - a wand of charming (1)
Scrolls
 d - 6 scrolls of teleportation {@r4}
 l - a scroll of brand weapon
 m - a scroll of blinking {!r}
 n - 5 scrolls of revelation
 o - 5 scrolls of enchant weapon
 t - 3 scrolls of amnesia
 E - 3 scrolls of enchant armour
 G - 3 scrolls of poison
 H - a scroll of fog
 J - a scroll of torment {!r}
Potions
 b - 3 potions of magic
 e - a potion of degeneration {unknown}
 i - a potion of heal wounds {@q2}
 j - 13 potions of curing {unknown}
 k - 4 potions of might {unknown}
 q - 2 potions of haste {@q3}
 s - 2 potions of ambrosia
 z - 2 potions of berserk rage {unknown}
 A - 3 potions of mutation {unknown}
 B - 2 potions of invisibility {unknown}
 D - 3 potions of resistance
 N - 2 potions of attraction {!q}


   Skills:
 + Level 9.2 Fighting
 - Level 5.0 Armour
 - Level 2.1 Dodging
 - Level 10.0 Stealth
 + Level 12.9 Spellcasting
 * Level 6.8 Hexes
 - Level 11.0 Summonings
 * Level 11.9 Necromancy
 + Level 2.4 Translocations
 - Level 5.0 Air Magic


You had 3 spell levels left.
You knew the following spells:

 Your Spells              Type           Power      Damage    Failure   Level
a - Animate Dead          Necr           57%        N/A       1%          4
b - Blink                 Tloc           44%        N/A       1%          2
c - Call Canine Familiar  Summ           54%        N/A       1%          3
d - Death Channel         Necr           28%        N/A       3%          6
h - Haunt                 Necr/Summ      28%        N/A       24%         7
l - Summon Lightning Spi  Summ/Air       44%        N/A       1%          4
s - Summon Mana Viper     Hex/Summ       48%        N/A       2%          5
X - Anguish               Hex/Necr       25%        N/A       1%          4

Your spell library contained the following spells:

 Spells                   Type           Power      Damage    Failure   Level
 Kiss of Death            Conj/Necr      100%       2d13      1%          1
 Necrotise                Necr           100%       1d9       1%          1
 Slow                     Hex            100%       N/A       1%          1
 Summon Small Mammal      Summ           100%       N/A       1%          1
 Call Imp                 Summ           100%       N/A       1%          2
 Cigotuvi's Dreadful Rot  Necr/Alch/Air  70%        N/A       1%          2
 Lesser Beckoning         Tloc           44%        N/A       1%          2
 Confusing Touch          Hex            40%        N/A       1%          3
 Fugue of the Fallen      Necr           57%        N/A       1%          3
 Sigil of Binding         Hex            40%        N/A       1%          3
 Summon Ice Beast         Ice/Summ       34%        N/A       1%          3
 Vampiric Draining        Necr           57%        2d10      1%          3
 Dazzling Flash           Conj/Hex       52%        N/A       2%          3
 Freeze                   Ice            48%        1d6       3%          1
 Momentum Strike          Conj/Tloc      34%        3d8       3%          2
 Teleport Other           Tloc           22%        N/A       3%          3
 Mephitic Cloud           Conj/Alch/Air  19%        N/A       4%          3
 Frozen Ramparts          Ice            24%        1d4       10%         3
 Hailstorm                Conj/Ice       12%        3d6       10%         3
 Ozocubu's Armour         Ice            12%        N/A       10%         3
 Dispel Undead            Necr           57%        3d20      1%          4
 Martyr's Knell           Necr/Summ      56%        N/A       1%          4
 Curse of Agony           Necr           57%        N/A       1%          5
 Summon Blazeheart Golem  Fire/Summ      34%        N/A       3%          4
 Dimensional Bullseye     Hex/Tloc       15%        N/A       4%          4
 Borgnjor's Vile Clutch   Necr/Erth      18%        N/A       8%          5
 Silence                  Hex/Air        18%        N/A       9%          5
 Maxwell's Portable Pile  Tloc           22%        2d(8-16)  12%         4
 Metabolic Englaciation   Hex/Ice        13%        N/A       22%         5
 Monstrous Menagerie      Summ           27%        N/A       28%         7
 Infestation              Necr           28%        N/A       80%         8
 Sculpt Simulacrum        Ice/Alch       6%         N/A       99%         6
 Ozocubu's Refrigeration  Ice            6%         4d8       100%        7
 Polar Vortex             Ice            6%         N/A       100%        9


Dungeon Overview and Level Annotations

Branches:
Dungeon (11/15)            Temple (1/1) D:4            Lair (5/5) D:8
 Shoals (0/4) Lair:3       Spider (0/4) Lair:3        Slime (0/5) Lair:4
    Orc (2/2) D:10
    Elf: Orc:2

Altars:
Ashenzari
Cheibriados
Dithmenos
Fedhas
Gozag
Hepliaklqana
Kikubaaqudgha
Makhleb
Nemelex Xobeh
Okawaru
Qazlal
Ru
Sif Muna
Trog
Uskayaw
Vehumet
Wu Jian
Xom
Yredelemnul
Beogh
Jiyva

Shops:
D:2 [?[   D:7 :

Annotations:
Lair:3 3 runed translucent doors, Mustrin's ghost, adept OpCA; Nammoc's ghost, journeyman GnWn
Lair:4 2 transporters, Nico3ck's ghost, journeyman DsGl
Lair:5 2 transporters, Swamplord's ghost, journeyman DsGl
Orc:1 3 runed translucent doors, Xaucix's ghost, journeyman KoBe


Innate Abilities, Weirdness & Mutations

Your natural rate of healing is accelerated.
You have razor-sharp teeth.
You have supernaturally acute eyesight. (SInv)
You are afflicted with vampirism and can become a bat while bloodless.


Message History

Unknown command.
The sixfirhy attacks as it pursues you! The sixfirhy barely misses you.
The sixfirhy hits you.
* * * LOW HITPOINT WARNING * * *
The sixfirhy shocks you!
* * * LOW HITPOINT WARNING * * *
The sixfirhy barely misses you.
The orc priest mumbles some strange prayers to Beogh against you.
Beogh smites you!
* * * LOW HITPOINT WARNING * * *
The orc knight hits you from afar with a +1 bardiche of freezing!
* * * LOW HITPOINT WARNING * * *
The orc knight freezes you.
* * * LOW HITPOINT WARNING * * *
The orc knight is wracked by anguish!!
The orc knight dies!
Kikubaaqudgha accepts your kill.
The dead are walking!
A glowing mist starts to gather...
The ynoxinul hits your lightning spire but does no damage.
Your spectral orc warrior hits the sixfirhy!
There is a stone staircase leading up, spattered with blood here.
Unknown command.
Read: scroll of fear
Press: ? - help, Q - select action, (/) - cycle Dir - look around, f - activate Look: a sixfirhy (summoned, ally target, chance to affect: 79%)
As you read the scroll of fear, it crumbles to dust.
You assume a fearsome visage.
The sixfirhy looks frightened!
The orc sorcerer looks frightened! x2
The orc warrior looks frightened!
The orc wizard resists with some effort.
The orc priest looks frightened!
The kobold blastminer looks frightened!
The orc warrior looks frightened!
The orc wizard looks frightened!
The orc knight looks frightened!
The orc looks frightened!
The ogre looks frightened!
The orc warrior looks frightened!
The orc looks frightened!
The ogre looks frightened!
The sixfirhy resists with some effort.
The ynoxinul looks frightened!
Your lightning spire disappears in a puff of smoke!
The orc wizard gestures wildly while chanting.
The orc wizard flickers and vanishes for a moment.
The orc knight prays for help.
Your spectral ogre barely misses the ynoxinul.
Your spectral orc warrior misses the sixfirhy.
You hear a shout!
A nearby fungus withers and dies.
The sixfirhy hits you.
* * * LOW HITPOINT WARNING * * *
The sixfirhy shocks you!
You die...
Kikubaaqudgha rasps: You have failed me!
Welcome... death!

................
..o.$...........
....K........o..
....oo..........
...o...........P
#...o....oo....
#....)oo.Zo....
#....3O3))3.P..
#.....@ZZZZ...P
#.$...Z........
#.........#....
#.........# ...
#...#....#.. ..
#...........# .
............##
......##..###


You could see an orc knight (strong, fleeing), a kobold blastminer (fleeing), 2
sixfirhies, a ynoxinul (summoned, fleeing, ally target), 2 orc sorcerers, 3 orc
warriors, an ogre (fleeing), an orc priest (strong, fleeing), 2 orc wizards, 2
orcs, a friendly spectral orc warrior, a friendly spectral orc knight, a
friendly spectral ogre, a friendly orc warrior zombie, a friendly orc knight
zombie and a friendly ogre zombie.

Vanquished Creatures
  A hydra (Lair:5)
  A death yak (Lair:2)
  2 boulder beetles
  A manticore (D:10)
  3 elephants
  2 rime drakes
  2 cane toads
  A komodo dragon (Lair:4)
  A wind drake (Lair:3)
  A polar bear (Lair:5)
  6 blink frogs
  2 wyverns (D:10)
  10 yaks
  A warg (Orc:1)
  An acid dragon (D:11)
  3 water moccasins
  3 orc warriors
  A black bear (D:6)
  A wolf (Lair:1)
  A centaur (D:8)
  2 bullfrogs
  A killer bee (D:9)
  2 jellies
  An orc priest (D:8)
  A hound (D:6)
  3 orc wizards
  2 adders
  A shadow imp (D:5)
  2 white imps
  A dart slug (D:2)
  14 orcs
  4 ball pythons
  6 bats
  3 endoplasms
  2 giant cockroaches
  7 goblins
  4 hobgoblins
  A jackal (D:4)
  9 kobolds
  A quokka (D:4)
  4 rats
115 creatures vanquished.

Vanquished Creatures (collateral kills)
  4 hydras
  An ice dragon (Lair:5)
  2 catoblepae
  4 two-headed ogres
  4 death yaks (Lair:2)
  An orc high priest (Orc:1)
  A swamp dragon (Lair:5)
  10 elephants
  A manticore (Lair:3)
  Maurice (D:9)
  6 black mambas
  A kobold blastminer (Orc:1)
  2 cane toads (Lair:4)
  2 gargoyles (D:10)
  6 rime drakes
  9 komodo dragons
  2 trolls
  2 polar bears
  16 blink frogs
  5 dream sheep (Lair:4)
  2 wraiths (D:11)
  20 yaks
  4 wyverns
  3 basilisks
  A warg (Orc:1)
  2 redbacks (Lair:3)
  7 steam dragons
  An acid dragon (D:9)
  12 water moccasins
  2 swamp drakes (Lair:5)
  6 orc warriors
  2 ice beasts
  A sky beast (D:7)
  5 black bears
  5 ogres
  5 centaurs
  2 wolves (Lair:1)
  2 kobold brigands
  A nameless horror (Lair:3)
  A gnoll sergeant (D:7)
  14 bullfrogs
  A scorpion (D:5)
  A wight (D:7)
  14 killer bees
  6 jellies (Lair:4)
  A hound (D:6)
  3 gnoll boudas
  5 orc priests
  2 sleepcaps
  7 iguanas
  9 orc wizards
  5 adders
  11 gnolls
  2 white imps
  6 dart slugs
  2 ribbon worms
  27 orcs
  3 endoplasms
  2 giant cockroaches (D:2)
  6 goblins
  3 hobgoblins
  A jackal (D:4)
  3 quokkas
  3 ball pythons (D:1)
  2 bats (D:1)
  A frilled lizard (D:1)
  9 kobolds
  2 orc zombies
  6 rats (D:1)
321 creatures vanquished.

Vanquished Creatures (others)
  Snorg (Orc:1)
  A hydra (Lair:5)
  Erica (Orc:1)
  An orc knight (Orc:2)
  A kobold blastminer (Orc:1)
  A catoblepas zombie (Lair:5)
  2 hydra zombies (Lair:5)
  A polar bear (Lair:4)
  A yak (Lair:4)
  A water moccasin (Lair:5)
  A cane toad zombie (Lair:5)
  2 orc warriors (Orc:1)
  3 blink frog zombies
  4 elephant zombies (Lair:2)
  A manticore zombie (Lair:3)
  A rime drake zombie (Lair:5)
  A troll zombie (Orc:1)
  A komodo dragon zombie (Lair:4)
  3 water moccasin zombies
  A polar bear zombie (Lair:4)
  A wyvern zombie (Lair:5)
  8 yak zombies
  9 orc zombies
  4 orcs
51 creatures vanquished.

Grand Total: 487 creatures vanquished

Notes
Turn   | Place    | Note
-------+----------+-------------------------------------------
     0 | D:1      | Mawloc the Vampire Summoner began the quest for the Orb.
     0 | D:1      | Reached XP level 1. HP: 13/13 MP: 3/3
   299 | D:1      | Reached XP level 2. HP: 16/19 MP: 5/5
   561 | D:1      | Gained mutation: You are afflicted with vampirism and can
                  | become a bat while bloodless. [Vampire growth]
   561 | D:1      | Reached XP level 3. HP: 13/24 MP: 7/7
   963 | D:1      | Found a faded altar of an unknown god.
   985 | D:1      | Learned a level 3 spell: Call Canine Familiar
  1106 | D:2      | Found Fomedgh's Armour Shoppe.
  1261 | D:2      | Reached skill level 3 in Spellcasting
  1412 | D:2      | Reached XP level 4. HP: 11/30 MP: 8/8
  1585 | D:2      | Found Papnielo's Armour Shoppe.
  1586 | D:2      | Identified the +8 scale mail of Deraema {Will+ Regen+ Int+4
                  | Dex-4}
  1644 | D:2      | Found a transporter.
  1644 | D:2      | Found Delovedd's Magic Scroll Shoppe.
  1767 | D:2      | Found a transporter.
  2090 | D:3      | Found a shadowy altar of Dithmenos.
  2171 | D:3      | Learned a level 4 spell: Summon Lightning Spire
  2279 | D:3      | Found a bloodstained altar of Trog.
  2451 | D:3      | Reached XP level 5. HP: 35/35 MP: 10/10
  2717 | D:4      | Reached skill level 1 in Air Magic
  2897 | D:4      | Noticed a black bear
  2909 | D:4      | Killed a black bear
  2910 | D:4      | Reached skill level 4 in Spellcasting
  2910 | D:4      | Reached XP level 6. HP: 33/41 MP: 2/12
  2968 | D:4      | Found a staircase to the Ecumenical Temple.
  3152 | D:4      | Found a hide-covered altar of Uskayaw.
  3170 | D:4      | Found a sacrificial altar of Ru.
  3403 | Temple   | Entered the Ecumenical Temple
  3420 | Temple   | Became a worshipper of Kikubaaqudgha
  3447 | D:5      | Entered Level 5 of the Dungeon
  3470 | D:5      | Reached skill level 3 in Air Magic
  3524 | D:5      | Reached skill level 6 in Summonings
  3524 | D:5      | Reached XP level 7. HP: 46/46 MP: 13/13
  4010 | D:5      | Found an ornate altar of the Wu Jian Council.
  4206 | D:6      | Reached * piety under Kikubaaqudgha
  4206 | D:6      | Received a gift from Kikubaaqudgha
  4357 | D:6      | Reached skill level 5 in Spellcasting
  4422 | D:6      | Reached XP level 8. HP: 52/52 MP: 14/16
  5461 | D:6      | Learned a level 4 spell: Animate Dead
  5468 | D:6      | Learned a level 6 spell: Death Channel
  5522 | D:7      | Found Bulagug's Book Boutique.
  5597 | D:7      | Reached skill level 6 in Spellcasting
  5922 | D:7      | Noticed a two-headed ogre
  5942 | D:7      | Killed a two-headed ogre
  5943 | D:7      | Reached skill level 7 in Spellcasting
  5943 | D:7      | Reached XP level 9. HP: 41/57 MP: 12/20
  5985 | D:7      | Reached skill level 9 in Summonings
  6006 | D:7      | Reached ** piety under Kikubaaqudgha
  6201 | D:7      | Reached skill level 8 in Spellcasting
  6997 | D:8      | Reached skill level 9 in Spellcasting
  7011 | D:8      | Reached XP level 10. HP: 32/63 MP: 12/23
  7097 | D:8      | Found a snail-covered altar of Cheibriados.
  7320 | D:8      | Found a staircase to the Lair.
  7619 | D:9      | Noticed a two-headed ogre
  7627 | D:9      | Killed a two-headed ogre
  7628 | D:9      | Reached skill level 1 in Fighting
  7628 | D:9      | Reached skill level 1 in Armour
  7684 | D:9      | Reached *** piety under Kikubaaqudgha
  7684 | D:9      | Received a gift from Kikubaaqudgha
  7972 | D:9      | Noticed a two-headed ogre
  7980 | D:9      | Killed a two-headed ogre
  8372 | D:9      | Noticed Maurice
  8440 | D:9      | Maurice stole an amulet of faith {!P}
  8449 | D:9      | Killed Maurice
  8450 | D:9      | Reached skill level 6 in Stealth
  8597 | D:9      | Found a shimmering altar of Xom.
  8676 | D:9      | Reached skill level 3 in Fighting
  8843 | D:9      | Reached skill level 3 in Armour
  8991 | D:10     | Entered Level 10 of the Dungeon
  9004 | D:10     | Reached XP level 11. HP: 75/75 MP: 24/24
  9019 | D:10     | Reached skill level 10 in Spellcasting
  9039 | D:10     | Reached skill level 1 in Necromancy
  9388 | D:10     | Reached **** piety under Kikubaaqudgha
  9468 | D:10     | Found a staircase to the Orcish Mines.
  9744 | D:11     | Noticed a boulder beetle
  9756 | D:11     | Killed a boulder beetle
 10230 | D:11     | Noticed a two-headed ogre
 10233 | D:11     | Killed a two-headed ogre
 10234 | D:11     | Reached skill level 3 in Necromancy
 10731 | Lair:1   | Entered Level 1 of the Lair of Beasts
 10801 | Lair:1   | Reached skill level 9 in Stealth
 11176 | Lair:1   | Reached XP level 12. HP: 37/86 MP: 20/26
 11948 | Lair:2   | Reached skill level 11 in Spellcasting
 11958 | Lair:2   | Reached skill level 6 in Fighting
 12394 | Lair:2   | Noticed a death yak
 12400 | Lair:2   | Noticed a death yak
 12407 | Lair:2   | Noticed a death yak
 12407 | Lair:2   | Noticed a death yak
 12409 | Lair:2   | Killed a death yak
 12409 | Lair:2   | Noticed a death yak
 12410 | Lair:2   | Reached skill level 6 in Necromancy
 12421 | Lair:2   | Killed a death yak
 12453 | Lair:2   | Killed a death yak
 12454 | Lair:2   | Killed a death yak
 12466 | Lair:2   | Killed a death yak
 12587 | Lair:2   | Reached ***** piety under Kikubaaqudgha
 13022 | Lair:3   | Noticed a six-headed hydra
 13475 | Lair:3   | Found a runed translucent gate.
 13504 | Lair:3   | Killed a six-headed hydra
 13714 | Lair:3   | Found a staircase to the Shoals.
 13965 | Lair:3   | Noticed a seven-headed hydra
 13972 | Lair:3   | Killed a seven-headed hydra
 13973 | Lair:3   | Reached XP level 13. HP: 62/98 MP: 28/28
 14042 | Lair:3   | Identified the +0 robe of the Wereyak {Will+ Int+2}
 14054 | Lair:3   | Found a hole to the Spider Nest.
 14130 | Lair:3   | Reached skill level 12 in Spellcasting
 14194 | Lair:3   | Found a runed translucent gate.
 14195 | Lair:3   | Found a runed translucent gate.
 14197 | Lair:3   | Noticed Nammoc's ghost (journeyman GnWn)
 14198 | Lair:3   | Noticed Mustrin's ghost (adept OpCA)
 14551 | Lair:4   | Reached skill level 9 in Necromancy
 14700 | Lair:4   | Found a viscous altar of Jiyva.
 14700 | Lair:4   | Found a staircase to the Slime Pits.
 15717 | Lair:4   | Found a transporter.
 15717 | Lair:4   | Found a transporter.
 15964 | Lair:4   | Noticed Nico3ck's ghost (journeyman DsGl)
 15965 | Lair:4   | Learned a level 2 spell: Blink
 15970 | Lair:4   | Learned a level 4 spell: Anguish
 15971 | Lair:5   | Entered Level 5 of the Lair of Beasts
 16130 | Lair:5   | Reached skill level 1 in Hexes
 16364 | Lair:5   | Learned a level 5 spell: Summon Mana Viper
 16431 | Lair:5   | Reached skill level 1 in Translocations
 16432 | Lair:5   | Reached skill level 3 in Hexes
 16804 | Lair:5   | Found the +7 sceptre of Torment {pain, torment}
 16833 | Lair:5   | Found a transporter.
 16854 | Lair:5   | Noticed Swamplord's ghost (journeyman DsGl)
 16857 | Lair:5   | Found a transporter.
 17068 | Lair:5   | Reached skill level 9 in Fighting
 17073 | Lair:5   | Reached XP level 14. HP: 95/108 MP: 28/30
 17615 | Orc:1    | Entered Level 1 of the Orcish Mines
 17617 | Orc:1    | Noticed Snorg
 17628 | Orc:1    | Killed Snorg
 17640 | Orc:1    | Reached ****** piety under Kikubaaqudgha
 17651 | Orc:1    | Reached skill level 6 in Hexes
 17934 | Orc:1    | Found a roughly hewn altar of Beogh.
 17980 | Orc:1    | Your ally Snorg died
 18093 | Orc:1    | Found a runed translucent gate.
 18093 | Orc:1    | Found a runed translucent gate.
 18094 | Orc:1    | Found a runed translucent gate.
 18108 | Orc:1    | Noticed Xaucix's ghost (journeyman KoBe)
 18124 | Orc:1    | Noticed Erica
 18136 | Orc:1    | Killed Erica
 18505 | Orc:1    | Found a roughly hewn altar of Beogh.
 18703 | Orc:1    | Received a gift from Kikubaaqudgha (forbidden knowledge)
 18712 | Orc:1    | Learned a level 7 spell: Haunt
 18714 | Orc:2    | Entered Level 2 of the Orcish Mines
 18721 | Orc:2    | Paralysed by an orc sorcerer for 4 turns
 18728 | Orc:2    | HP: 4/108 [orc knight/+1 bardiche of freezing (5)]
 18730 | Orc:2    | Slain by a sixfirhy

Illustrated notes

Levels and vault maps discovered:
D:1:      onia_arrival_handbag, layout_basic, shapermc_ecumenical_altar_pompeii,
          minmay_misc_feat_secret_circle, grunt_decor_mini_mirrors
D:2:      layout_basic, serial_shops, nicolae_shop_crystal,
          nicolae_shop_drivethru, nicolae_shop_statue_plus
D:3:      layout_rooms, overflow_temple_1_default, general_overflow_altar,
          lemuel_crystal_altar, minivault_24
D:4:      layout_loops_cross, jmf_multi_god_temple2, minmay_temple_entry_grid
D:5:      layout_rooms, mainiacjoe_overflow_surrounded_room,
          minmay_a_box_with_orc_wizards_in_it
D:6:      layout_layer_cave, kennysheep_generic_room_13
D:7:      layout_basic, serial_shops, nicolae_book_shop_shelving,
          minmay_joined_circles
D:8:      layout_basic, mainiacjoe_overflow_boulevard, lair_entry_dummy
D:9:      layout_basic, lemuel_doored_altar, uniq_maurice
D:10:     layout_loops_ring, orc_0_dummy
D:11:     layout_loops_corners
Temple:   nicolae_temple_ecumenical_triangle
Lair:1:   layout_gridlike
Lair:2:   layout_cave_shapes, minivault_11
Lair:3:   layout_gridlike, minmay_shoals_entry_beasts, spider_nest_entry_rubble,
          gammafunk_ghost_cemetery
Lair:4:   layout_gridlike, nicolae_slime_entry_slimehenge, gammafunk_ghost_hive,
          lookout_lair_type, nicolae_quartered_pool_impasse, beast_lair_carwin_5
Lair:5:   guppyfry_lair_end_dragon, layout_hall_layers, gammafunk_ghost_arena
Orc:1:    layout_caves, gammafunk_ghost_split, basic_altar, bh_open_orc_temple,
          uniq_snorg, uniq_erica
Orc:2:    grunt_orc_gardens, layout_caves, grunt_orc_garden, grunt_orc_garden,
          grunt_orc_garden, grunt_orc_garden, serial_shops, shop,
          nicolae_orc_seminary

Skill      XL: |  1  2  3  4  5  6  7  8  9 10 11 12 13 14 |
---------------+-------------------------------------------+-----
Spellcasting   | 3 4 5 7 9 10 11 12 | 12.9
Summonings     | 5 6 8 10 11 | 11.0
Air Magic      | 2 3 5 |  5.0
Fighting       | 3 5 7 9 |  9.2
Armour         | 3 4 5 |  5.0
Stealth        | 7 10 | 10.0
Necromancy     | 4 8 11 | 11.9
Hexes          | 5 6 |  6.8
Translocations | 1 2 |  2.4
Dodging        | |  2.1

Action                     |  1- 3 |  4- 6 |  7- 9 | 10-12 | 13-15 || total
---------------------------+-------+-------+-------+-------+-------++-------
  Melee: Unarmed           |    83 |       |       |       |       ||    83
         Bite              |    11 |     7 |     7 |    51 |    30 ||   106
         Punch             |     1 |       |       |       |       ||     1
         Short sword       |    33 |       |       |   251 |   141 ||   425
         Rapier            |     6 |    94 |    90 |    54 |       ||   244
         Eveningstar       |       |       |       |       |    53 ||    53
   Cast: Summon Small Mamm |    30 |     9 |    11 |       |       ||    50
         Call Canine Famil |     5 |    22 |    40 |    58 |    24 ||   149
         Summon Lightning  |       |     6 |    43 |    74 |    60 ||   183
         Animate Dead      |       |       |       |     6 |     8 ||    14
         Death Channel     |       |       |       |     1 |     5 ||     6
         Anguish           |       |       |       |       |    24 ||    24
         Summon Mana Viper |       |       |       |       |     1 ||     1
 Invoke: Receive Forbidden |       |       |       |       |     1 ||     1
  Evoke: Wand              |       |       |     7 |     6 |     5 ||    18
    Use: Scroll            |       |       |     7 |     9 |     5 ||    21
         Potion            |       |       |       |       |     1 ||     1
   Stab: Sleeping          |     1 |     7 |       |     3 |       ||    11
         Distracted        |       |     2 |     4 |    15 |     2 ||    23
 Armour: Robe              |    88 |    69 |    87 |    14 |       ||   258
         Scale mail        |       |       |       |   217 |       ||   217
         Steam dragon scal |       |       |       |   195 |   291 ||   486
  Dodge: Dodged            |    94 |    58 |    55 |   181 |   158 ||   546
  Block: Buckler           |       |       |    18 |    75 |    46 ||   139

Table legend: (Time is in decaauts)
 A = Elapsed time spent in this place.
 B = Non-inter-level travel time spent in this place.
 C = Inter-level travel time spent in this place.
 D = Time resting spent in this place.
 E = Time spent auto-exploring this place.
 F = Levels seen in this place.
 G = Mean time per level.
                   A        B        C        D        E       F      G
               +--------+--------+--------+--------+--------+-----+--------+
         Total |  18863 |  17692 |   1171 |   2212 |  11872 |  19 |  992.8 |
       Dungeon |  10874 |  10236 |    638 |    742 |   7415 |  11 |  988.5 |
        Temple |     34 |      1 |     33 |      0 |      0 |   1 |   34.0 |
          Lair |   6820 |   6373 |    447 |   1208 |   3822 |   5 | 1364.0 |
  Orcish Mines |   1133 |   1082 |     51 |    262 |    635 |   2 |  566.5 |
               +--------+--------+--------+--------+--------+-----+--------+

Top non-repeatable levels by time:
  Lair:5: 1491 daAuts
  Lair:4: 1476 daAuts
     D:7: 1443 daAuts
  Lair:3: 1363 daAuts
     D:6: 1355 daAuts
     D:9: 1326 daAuts
  Lair:2: 1320 daAuts
  Lair:1: 1169 daAuts
   Orc:1: 1115 daAuts
     D:2: 1072 daAuts
     D:1: 1014 daAuts
     D:8: 936 daAuts
    D:11: 912 daAuts
    D:10: 792 daAuts
     D:4: 779 daAuts
